 Dungeon Crawl Stone Soup version 0.26-a0-466-g989023bd0d (webtiles) character file.

Game seed: 14973965885672632774

320872 HoaS the Wrestler (level 21, -6/191 HPs)
             Began as a Ghoul Gladiator on Aug 2, 2020.
             Was the Champion of Makhleb.
             Mangled by a freezing wraith (10 damage)
             ... on level 2 of the Vaults.
             The game lasted 01:52:12 (37901 turns).

HoaS the Wrestler (Ghoul Gladiator)                Turns: 37901, Time: 01:52:12

Health: -6/191     AC: 32    Str: 25    XL:     21   Next: 51%
Magic:  20/20      EV: 20    Int:  3    God:    Makhleb [******]
Gold:   4654       SH:  5    Dex: 13    Spells: 20/20 levels left

rFire    . . .     SeeInvis .     - Unarmed
rCold    + . .     Faith    .   (no shield)
rNeg     + + +     Spirit   .   B - +27 Lear's hauberk
rPois    ∞         Reflect  +   (helmet currently unavailable)
rElec    .         Harm     .   (no cloak)
rCorr    .                      (gloves currently unavailable)
MR       ++...                  (boots currently unavailable)
Stlth    ..........             L - amulet of reflection
HPRegen  0.00/turn              T - ring of protection from magic
MPRegen  0.17/turn              n - +4 ring of evasion

@: about to teleport, corroded, slowed, very slow
A: rotting body, claws 1, cold resistance 1, negative energy resistance 3,
inhibited regeneration, torment resistance, unbreathing
}: 2/15 runes: decaying, serpentine
a: Minor Destruction, Lesser Servant of Makhleb, Major Destruction, Greater
Servant of Makhleb, Renounce Religion


You were on level 2 of the Vaults.
You worshipped Makhleb.
Makhleb was exalted by your worship.
You visited 8 branches of the dungeon, and saw 36 of its levels.
You also visited: Sewer, Bailey, Gauntlet, Ice Cave and Volcano.

You collected 10368 gold pieces.
You spent 5714 gold pieces at shops.

Inventory:

Missiles
 c - 6 throwing nets (quivered)
 j - 37 javelins
 O - 8 silver javelins
Armour
 B - the +27 Lear's hauberk (worn)
   (You bought it in a shop on level 2 of the Orcish Mines)
Jewellery
 b - an uncursed ring of protection from cold
 f - an uncursed ring of protection from magic
 l - an uncursed ring of stealth
 n - a +4 ring of evasion (right claw)
 p - an uncursed ring of protection from cold
 t - an uncursed ring of see invisible
 E - the ring of Zearunui {Fire rElec}
   (You found it on level 3 of the Snake Pit)

   [ring of fire]

   It enhances your fire magic.
   It protects you from fire.
   It makes you vulnerable to cold.
   It insulates you from electricity.
 H - the ring of Olur {Fire +Blink rN+ MR+ MP+9}
   (You found it in a Gauntlet)

   [ring of fire]

   It enhances your fire magic.
   It protects you from fire.
   It makes you vulnerable to cold.
   It protects you from negative energy.
   It affects your resistance to hostile enchantments.
   It affects your magic capacity (+9).
   It lets you blink.
 I - the ring "Nuihymega" {rF+ rC- rN+ Int+6}
   (You found it in an ice cave)

   [ring of intelligence]

   It affects your intelligence (+6).
   It protects you from fire.
   It makes you vulnerable to cold.
   It protects you from negative energy.
 L - an amulet of reflection (around neck)
 T - a ring of protection from magic (left claw)
 V - an uncursed ring of resist corrosion
Wands
 r - a wand of acid (23)
Scrolls
 a - 16 scrolls of remove curse
 d - 2 scrolls of summoning
 h - 19 scrolls of teleportation
 m - 8 scrolls of blinking
 x - 2 scrolls of fog
 A - 6 scrolls of fear
 P - 4 scrolls of magic mapping
 R - 12 scrolls of identify
 S - 4 scrolls of enchant armour
Potions
 i - 13 potions of curing
 k - a potion of ambrosia
 q - 4 potions of lignification
 s - 6 potions of heal wounds
 z - 6 potions of haste
 C - 4 potions of flight
 D - 3 potions of resistance
 G - 3 potions of invisibility
 J - 3 potions of might
 M - 3 potions of mutation
 N - 3 potions of cancellation
 U - a potion of berserk rage


   Skills:
 + Level 17.0 Fighting
 - Level 1.7 Throwing
 + Level 14.4 Armour
 + Level 14.7 Dodging
 * Level 26.3 Unarmed Combat


You had 20 spell levels left.
You didn't know any spells.
Your spell library contained the following spells:

 Spells                   Type           Power        Failure   Level
 Animate Skeleton         Necr           #.....       94%         1
 Apportation              Tloc           #.....       94%         1
 Corona                   Hex            #......      94%         1
 Magic Dart               Conj           #...         94%         1
 Sandblast                Erth           #.....       94%         1
 Shock                    Conj/Air       #...         94%         1
 Summon Small Mammal      Summ           #...         94%         1
 Blink                    Tloc           N/A          98%         2
 Call Imp                 Summ           #.......     98%         2
 Corpse Rot               Necr/Air       N/A          98%         2
 Passwall                 Tmut/Erth      #.......     98%         2
 Poisonous Vapours        Pois/Air       #.....       98%         2
 Slow                     Hex            #.......     98%         2
 Swiftness                Air            #.......     98%         2
 Call Canine Familiar     Summ           #.......     100%        3
 Confusing Touch          Hex            #.......     100%        3
 Conjure Flame            Conj/Fire      #.......     100%        3
 Gell's Gravitas          Tloc           #.........   100%        3
 Ignite Poison            Fire/Tmut/Pois #.......     100%        3
 Mephitic Cloud           Conj/Pois/Air  #.......     100%        3
 Static Discharge         Conj/Air       #.......     100%        3
 Stone Arrow              Conj/Erth      #.....       100%        3
 Summon Guardian Golem    Hex/Summ       #.......     100%        3
 Airstrike                Air            #.........   100%        4
 Cause Fear               Hex            #.........   100%        4
 Petrify                  Tmut/Erth      #.......     100%        4
 Summon Ice Beast         Ice/Summ       #.......     100%        4
 Summon Lightning Spire   Summ/Air       #.......     100%        4
 Fireball                 Conj/Fire      #.........   100%        5
 Irradiate                Conj/Tmut      #.........   100%        5
 Lee's Rapid Deconstruct  Erth           #.........   100%        5
 Lightning Bolt           Conj/Air       #.........   100%        5
 Metabolic Englaciation   Hex/Ice        #.........   100%        5
 Silence                  Hex/Air        #.........   100%        5
 Summon Forest            Summ/Tloc      #.........   100%        5
 Yara's Violent Unravell  Hex/Tmut       #.........   100%        5
 Eringya's Noxious Bog    Tmut/Pois      #.........   100%        6
 Freezing Cloud           Conj/Ice/Air   #.........   100%        6
 Starburst                Conj/Fire      #.........   100%        6
 Summon Hydra             Summ           #.........   100%        7
 Discord                  Hex            #.........   100%        8
 Ignition                 Fire           #.........   100%        8
 Shatter                  Erth           #.........   100%        9
 Tornado                  Air            #.........   100%        9
 Hydra Form               Tmut           Unusable     N/A         6
 Statue Form              Tmut/Erth      Unusable     N/A         6
 Dragon Form              Tmut           Unusable     N/A         7

Dungeon Overview and Level Annotations

Branches:
Dungeon (15/15)            Temple (1/1) D:4            Lair (6/6) D:10
  Swamp (4/4) Lair:2        Snake (4/4) Lair:2        Slime (0/5) Lair:5
    Orc (2/2) D:9             Elf (2/3) Orc:2        Vaults (2/5) D:13
  Crypt (0/3) Vaults:2     Depths (0/5) D:15          Sewer (visited)
 Bailey (visited)           IceCv (visited)         Volcano (visited)
Gauntlet (visited)

Altars:
Ashenzari
Cheibriados
Dithmenos
Elyvilon
Fedhas
Gozag
Hepliaklqana
Kikubaaqudgha
Makhleb
Nemelex Xobeh
Okawaru
Qazlal
Ru
Sif Muna
Trog
Uskayaw
Vehumet
Wu Jian
Xom
Yredelemnul
Zin
The Shining One
Beogh
Jiyva

Shops:
D:8 [[**   D:9 }}?(   Orc:2 *!?[   Vaults:2 (

Annotations:
Vaults:2 3 runed translucent doors, Tailuq's ghost, adept DEVM


Innate Abilities, Weirdness & Mutations

Your body is rotting away.
You thrive by killing the living.
You are immune to poison.
You have sharp fingernails.
Your flesh is cold resistant. (rC+)
You are immune to negative energy. (rN+++)
You do not regenerate when monsters are visible.
You are immune to unholy pain and torment.
You can survive without breathing.


Message History

The ancient lich touches you! The entropy weaver barely misses you.
The entropy weaver misses you. The entropy weaver closely misses you.
The entropy weaver barely misses you. The hellion misses you.
The freezing wraith completely misses you. x2
The vault warden hits you with a +0 battleaxe!
* * * LOW HITPOINT WARNING * * *
Something hits you but does no damage. The lich touches you!
* * * LOW HITPOINT WARNING * * *
The ancient lich touches you but does no damage.
The entropy weaver hits you but does no damage.
The entropy weaver barely misses you.
The entropy weaver hits you but does no damage.
The entropy weaver hits you.
* * * LOW HITPOINT WARNING * * *
The hellion hits you.
* * * LOW HITPOINT WARNING * * *
The freezing wraith hits you!
* * * LOW HITPOINT WARNING * * *
The freezing wraith freezes you! You resist.
You die...

#..$....# #.......#..
#.......### #.......+..
#(.... #.# ........#..
#().### #.#######...#..
#)(.#.# #...()#.#...#..
#.).#.###..)#)#.#...###
#...#.#.#...#)#.....#
#.))#2#.#...#####...#
#...2L@Lo...........#
#[...pWa............#
#....(p.............#
###########++########
.. .


You could see an ancient lich (fast, strong), a vault warden (strong), a lich,
an entropy weaver (strong), an ironbrand convoker, a freezing wraith (strong), a
hellion (summoned), a tormentor (summoned) and an orc priest.

Vanquished Creatures
  An ancient lich (Vaults:2)
  the Lernaean hydra (Swamp:4)
  Margery (Vaults:2)
  Saint Roka (Snake:2)
  Nikola (Snake:2)
  A bone dragon (Vaults:2)
  An acid blob (Lair:5)
  Gastronok (Lair:3)
  Kirke (Lair:4)
  A thorn hunter (Swamp:3)
  Roxanne (Snake:2)
  10 nagarajas (Snake:4)
  A frost giant (IceCv)
  3 vault wardens
  Aizul (Snake:2)
  2 orc warlords
  The ghost of Omovoi the Severer, a journeyman MiBe of Trog (D:13)
  An ironheart preserver (Vaults:1)
  The ghost of Gukiomem the Devastator, a journeyman DrCj of Vehumet (D:13)
  3 very ugly things (Vaults:2)
  The ghost of Uffyhuy the Bludgeoner, a journeyman GrBe of Trog (Swamp:3)
  2 deep elf demonologists
  Azrael (Snake:2)
  A red draconian (Volcano)
  A minotaur (Gauntlet)
  2 deep elf annihilators (Elf:2)
  A deep elf death mage (Elf:1)
  Josephine (Lair:4)
  3 ogre magi
  A deep elf high priest (Elf:1)
  Harold (D:7)
  3 great orbs of eyes (Vaults:2)
  A shambling mangrove (Swamp:3)
  2 vault guards
  21 hydras
  2 ghost crabs
  2 death knights (D:15)
  6 centaur warriors
  14 naga warriors
  An ice dragon (Vaults:2)
  5 catoblepae
  15 anacondas
  25 dancing weapons
  12 death yaks
  13 two-headed ogres
  11 alligators
  2 shock serpents (Snake:4)
  3 orc high priests (Orc:2)
  10 naga sharpshooters
  14 deep elf knights
  3 large abominations (Gauntlet)
  Nergalle (Orc:1)
  5 hell knights (Vaults:2)
  4 unseen horrors
  9 skeletal warriors
  The ghost of Tenar the Chopper, a novice FoFi of Gozag (D:6)
  4 sea snakes
  3 salamander mystics
  9 swamp dragons
  A shadow wraith (D:13)
  2 wizards
  An obsidian statue (Gauntlet)
  3 necromancers
  7 deep elf archers
  Pikel (D:7)
  9 naga ritualists
  A phantasmal warrior (D:13)
  48 deep elf magi
  2 ironbrand convokers (Vaults:2)
  A wolf spider (Vaults:1)
  6 mana vipers
  11 ugly things
  7 orc knights
  A salamander (shapeshifter) (D:13)
  3 manticores
  An orb spider (shapeshifter) (D:15)
  11 salamanders
  2 cyclopes
  An oklob plant (Lair:1)
  8 orc sorcerers
  11 elephants
  3 vault sentinels
  An ice statue (IceCv)
  Maurice (D:10)
  14 guardian serpents
  31 black mambas
  16 cane toads
  13 naga magi
  6 gargoyles
  5 kobold demonologists
  A rime drake (IceCv)
  3 yaktaurs
  4 freezing wraiths
  6 komodo dragons
  6 trolls
  21 polar bears
  Grinder (D:3)
  6 tyrant leeches
  3 hornets
  35 slime creatures
  9 bog bodies
  A human simulacrum (Vaults:2)
  A blink frog (shapeshifter) (Vaults:1)
  7 blink frogs
  10 dream sheep
  A hydra skeleton (Swamp:3)
  9 hippogriffs
  8 shadows
  2 air elementals (Elf:1)
  A wyvern (Lair:2)
  3 water elementals (Elf:2)
  88 yaks
  A spriggan (Swamp:3)
  A basilisk (D:14)
  7 wraiths
  3 hogs
  A human (shapeshifter) (D:14)
  5 fire elementals
  A spriggan zombie (Swamp:3)
  Menkaure (D:7)
  A spriggan skeleton (Swamp:3)
  14 vampire mosquitoes
  6 wargs
  A harpy simulacrum (D:14)
  45 nagas
  13 insubstantial wisps
  A soldier ant (shapeshifter) (Elf:2)
  13 swamp worms
  2 hell hounds (Snake:2)
  7 water moccasins
  8 porcupines
  6 ice beasts
  8 sky beasts
  5 small abominations (Gauntlet)
  40 orc warriors
  2 eyes of draining
  11 swamp drakes
  A black bear (D:11)
  2 phantoms
  2 necrophages
  8 boggarts
  15 centaurs
  32 wolves
  19 ogres
  10 crocodiles
  11 big kobolds
  18 bullfrogs
  2 earth elementals
  3 gnoll sergeants
  A water moccasin zombie (D:9)
  A wyvern zombie (D:6)
  9 killer bees
  8 scorpions
  6 electric eels
  25 wights
  2 howler monkeys
  4 bullfrog zombies
  A quasit (D:13)
  6 centaur zombies
  7 hounds
  3 jellies
  21 orc priests
  A bullfrog skeleton (D:6)
  25 orc wizards
  4 centaur skeletons
  Natasha (thrice) (D:4)
  7 hell rats (Lair:6)
  8 iguanas
  9 worker ants
  4 hound skeletons
  A howler monkey zombie (D:7)
  2 worker ant zombies
  Robin (D:3)
  19 adders
  19 gnolls
  A shadow imp (D:9)
  2 white imps
  6 ufetubi
  4 oozes
  2 adder zombies
  3 adder skeletons
  4 worms
  A dart slug (D:3)
  10 leopard geckos
  86 orcs
  3 ball pythons
  13 giant cockroaches
  28 goblins
  13 hobgoblins
  10 jackals
  3 quokkas
  10 bats
  13 frilled lizards
  48 kobolds
  A leopard gecko skeleton (D:6)
  A quokka skeleton (D:6)
  A quokka zombie (D:8)
  6 rats
  A briar patch (Swamp:3)
  3 plants
1500 creatures vanquished.

Vanquished Creatures (others)
  A hydra (Swamp:4)
  An alligator (Swamp:2)
  A swamp dragon (Swamp:4)
  A bog body (Swamp:4)
  A swamp worm (Swamp:3)
  2 swamp drakes (Swamp:4)
  An orc (Orc:1)
  2 kobolds
  A bat (D:3)
  15 fungi
  6 plants
32 creatures vanquished.

Grand Total: 1532 creatures vanquished

Notes
Turn   | Place    | Note
-------+----------+-------------------------------------------
     0 | D:1      | HoaS the Ghoul Gladiator began the quest for the Orb.
     0 | D:1      | Reached XP level 1. HP: 17/17 MP: 0/0
    49 | D:1      | Reached XP level 2. HP: 24/24 MP: 1/1
   104 | D:1      | Reached skill level 4 in Unarmed Combat
   523 | D:1      | Reached XP level 3. HP: 17/29 MP: 2/2
  1137 | D:1      | Reached skill level 5 in Unarmed Combat
  1289 | D:2      | Reached XP level 4. HP: 36/36 MP: 3/3
  1878 | D:2      | Found a faded altar of an unknown god.
  1911 | D:2      | Reached skill level 6 in Unarmed Combat
  1967 | D:3      | Reached XP level 5. HP: 41/41 MP: 4/4
  2037 | D:3      | Found a glowing drain.
  2048 | Sewer    | Entered a sewer
  2292 | Sewer    | Reached skill level 7 in Unarmed Combat
  2292 | Sewer    | Reached XP level 6. HP: 37/48 MP: 5/5
  2637 | D:3      | Noticed Robin
  2680 | D:2      | Reached skill level 8 in Unarmed Combat
  2838 | D:3      | Killed Robin
  2867 | D:3      | Found a bloodstained altar of Trog.
  2967 | D:3      | Noticed Grinder
  2976 | D:3      | Killed Grinder
  2976 | D:3      | Reached skill level 9 in Unarmed Combat
  2976 | D:3      | Reached XP level 7. HP: 49/55 MP: 6/6
  3280 | D:4      | Found a staircase to the Ecumenical Temple.
  3323 | Temple   | Entered the Ecumenical Temple
  3731 | Temple   | Became a worshipper of Makhleb the Destroyer
  3804 | D:4      | Noticed Natasha
  3811 | D:4      | Killed Natasha
  3927 | D:4      | Noticed Natasha
  3935 | D:4      | Killed Natasha
  3954 | D:4      | Reached skill level 10 in Unarmed Combat
  3954 | D:4      | Reached XP level 8. HP: 61/61 MP: 7/7
  3973 | D:4      | Noticed Natasha
  3981 | D:4      | Killed Natasha
  4505 | D:5      | Entered Level 5 of the Dungeon
  4578 | D:5      | Found a glowing silver altar of Zin.
  4639 | D:4      | Reached skill level 11 in Unarmed Combat
  4682 | D:5      | Reached * piety under Makhleb
  5005 | D:6      | HP: 2/61 [sky beast (5)]
  5016 | D:6      | Reached skill level 12 in Unarmed Combat
  5265 | D:6      | Reached XP level 9. HP: 62/67 MP: 8/8
  5596 | D:6      | Found a runed translucent gate.
  5597 | D:6      | Found a runed translucent gate.
  5598 | D:6      | Found a runed translucent gate.
  5600 | D:6      | Noticed Tenar's ghost (novice FoFi)
  6070 | D:7      | Noticed Harold
  6070 | D:7      | Noticed Menkaure
  6086 | D:7      | Killed Harold
  6086 | D:7      | Reached skill level 13 in Unarmed Combat
  6089 | D:7      | Killed Menkaure
  6089 | D:7      | Reached skill level 14 in Unarmed Combat
  6212 | D:7      | Identified the +0 robe of Riud {rC+ Regen+ Stlth+}
  6213 | D:7      | Noticed Pikel
  6225 | D:7      | Killed Pikel
  6225 | D:7      | Reached XP level 10. HP: 23/73 MP: 9/9
  6243 | D:7      | Found a flagged portal.
  6262 | D:7      | Reached ** piety under Makhleb
  6273 | Bailey   | Entered a bailey
  6318 | Bailey   | Noticed an orc warlord
  6476 | Bailey   | Found a runed translucent gate.
  6478 | Bailey   | Found a runed translucent gate.
  6479 | Bailey   | Found a runed translucent gate.
  6677 | Bailey   | Killed an orc warlord
  6677 | Bailey   | Reached skill level 15 in Unarmed Combat
  6737 | D:7      | Identified a scroll of acquirement
  6737 | D:7      | Acquired 1280 gold pieces
  7068 | D:7      | Reached *** piety under Makhleb
  7077 | D:7      | Reached skill level 16 in Unarmed Combat
  7170 | D:7      | Noticed a cyclops
  7177 | D:7      | Killed a cyclops
  7204 | D:7      | Killed an unseen horror
  7204 | D:7      | Reached XP level 11. HP: 75/79 MP: 10/10
  7222 | D:7      | Reached skill level 17 in Unarmed Combat
  7591 | D:8      | Found Gaus's Assorted Antiques.
  7683 | D:6      | Killed Tenar's ghost
  7901 | D:8      | Found Ywolyin's General Store.
  8050 | D:8      | Reached **** piety under Makhleb
  8324 | D:8      | Found Mugy's Armour Shop.
  8510 | D:8      | Found Quidghitamp's Antique Armour Shoppe.
  8848 | D:9      | Found Yrec's Antique Weapon Boutique.
  8913 | D:9      | Found a staircase to the Orcish Mines.
  9014 | D:9      | Found an iron altar of Okawaru.
  9039 | D:9      | Reached skill level 18 in Unarmed Combat
  9194 | D:9      | Found Xutopsebbu's Gadget Emporium.
  9231 | D:9      | Found Inop's Gadget Boutique.
  9333 | D:9      | Found Etihoth's Magic Scroll Boutique.
  9414 | D:10     | Entered Level 10 of the Dungeon
  9439 | D:10     | Found a staircase to the Lair.
  9521 | D:10     | Reached skill level 20 in Unarmed Combat
  9521 | D:10     | Reached XP level 12. HP: 85/85 MP: 11/11
  9715 | D:10     | Noticed Maurice
  9731 | D:10     | Killed Maurice
  9895 | D:10     | Noticed a centaur warrior
  9909 | D:10     | Killed a centaur warrior
 10307 | Lair:1   | Entered Level 1 of the Lair of Beasts
 10322 | Lair:1   | Reached XP level 13. HP: 83/93 MP: 12/12
 10495 | Lair:1   | Reached ***** piety under Makhleb
 10495 | Lair:1   | Reached skill level 1 in Armour
 11514 | Lair:2   | Found a staircase to the Snake Pit.
 11741 | Lair:2   | Found a staircase to the Swamp.
 11898 | Lair:2   | Reached skill level 21 in Unarmed Combat
 12281 | Lair:3   | Reached skill level 5 in Fighting
 12516 | Lair:3   | Reached skill level 5 in Dodging
 12516 | Lair:3   | Reached XP level 14. HP: 110/110 MP: 13/13
 12691 | Lair:3   | Noticed Gastronok
 12720 | Lair:3   | Killed Gastronok
 12760 | Lair:3   | Reached skill level 5 in Armour
 13018 | Lair:4   | Found a gate leading to a gauntlet.
 13025 | Gauntlet | Entered a Gauntlet
 13025 | Gauntlet | Found a transporter.
 13034 | Gauntlet | Found a transporter.
 13048 | Gauntlet | Found a runed translucent gate.
 13048 | Gauntlet | Found a runed translucent gate.
 13048 | Gauntlet | Found a runed translucent gate.
 13050 | Gauntlet | Found a transporter.
 13054 | Gauntlet | Found a transporter.
 13064 | Gauntlet | Found a transporter.
 13084 | Gauntlet | Found a transporter.
 13087 | Gauntlet | Found a transporter.
 13091 | Gauntlet | Found a transporter.
 13122 | Gauntlet | Found a transporter.
 13139 | Gauntlet | Found a transporter.
 13143 | Gauntlet | Found a transporter.
 13151 | Gauntlet | Found a transporter.
 13344 | Gauntlet | Got a pitted lead ring
 13346 | Gauntlet | Identified the ring of Olur {Fire +Blink rN+ MR+ MP+9} (You
                  | found it in a Gauntlet)
 13597 | Lair:4   | Reached XP level 15. HP: 118/118 MP: 14/14
 13618 | Lair:4   | Noticed Josephine
 13631 | Lair:4   | Killed Josephine
 13659 | Lair:4   | Noticed Kirke
 13732 | Lair:4   | Reached ****** piety under Makhleb
 14152 | Lair:4   | Killed Kirke
 14356 | Lair:5   | Found a runed translucent door.
 14356 | Lair:5   | Found a viscous altar of Jiyva.
 14356 | Lair:5   | Found a staircase to the Slime Pits.
 14356 | Lair:5   | Noticed an acid blob
 14543 | Lair:5   | Found a frozen archway.
 14552 | IceCv    | Entered an ice cave
 14613 | IceCv    | Reached skill level 22 in Unarmed Combat
 14987 | IceCv    | Noticed a frost giant
 15006 | IceCv    | Killed a frost giant
 15032 | IceCv    | Got a slimy iron ring
 15034 | IceCv    | Got a sparkling steel ring
 15223 | IceCv    | Identified the ring "Nuihymega" {rF+ rC- rN+ Int+6} (You
                  | found it in an ice cave)
 15294 | Lair:5   | Lost intelligence.
 15294 | Lair:5   | Identified the ring of Qaof {rC+ Str+4 Int-3} (You found it
                  | in an ice cave)
 15739 | Lair:5   | Killed an acid blob
 15856 | Lair:6   | Entered Level 6 of the Lair of Beasts
 15913 | Lair:6   | Found a dark tunnel.
 15922 | Volcano  | Entered a volcano
 16440 | Lair:6   | Reached XP level 16. HP: 132/132 MP: 15/15
 16893 | Lair:6   | Reached skill level 23 in Unarmed Combat
 17493 | D:11     | You fall into a shaft and drop 1 floor!
 17744 | D:11     | Reached skill level 10 in Fighting
 18690 | D:12     | Got a pitted scale mail
 18691 | D:12     | Identified the cursed +1 scale mail of the Okapi {rCorr}
                  | (You found it on level 12 of the Dungeon)
 19115 | Orc:1    | Entered Level 1 of the Orcish Mines
 19308 | Orc:1    | Noticed Nergalle
 19320 | Orc:1    | Killed Nergalle
 19473 | Orc:2    | Entered Level 2 of the Orcish Mines
 19473 | Orc:2    | Found a roughly hewn altar of Beogh.
 20084 | Orc:2    | Found a staircase to the Elven Halls.
 20812 | Orc:2    | Found Cegoreist's Assorted Antiques.
 20812 | Orc:2    | Found Goeluqick's Antique Armour Shoppe.
 20814 | Orc:2    | Found Timn's Distillery.
 20814 | Orc:2    | Found Ocsos's Magic Scroll Shoppe.
 20820 | Orc:2    | Bought a scroll of blinking for 157 gold pieces
 20820 | Orc:2    | Bought a scroll of blinking for 157 gold pieces
 20827 | Orc:2    | Bought a scroll of acquirement for 624 gold pieces
 20827 | Orc:2    | Bought a scroll of teleportation for 36 gold pieces
 20827 | Orc:2    | Bought a scroll of enchant armour for 90 gold pieces
 20827 | Orc:2    | Bought a scroll of enchant armour for 90 gold pieces
 20827 | Orc:2    | Bought a scroll of teleportation for 36 gold pieces
 20828 | Orc:2    | Bought a scroll of identify for 24 gold pieces
 20828 | Orc:2    | Bought a scroll of magic mapping for 42 gold pieces
 20829 | Orc:2    | Bought a potion of curing for 39 gold pieces
 20829 | Orc:2    | Bought a potion of heal wounds for 65 gold pieces
 20829 | Orc:2    | Bought a potion of haste for 130 gold pieces
 20829 | Orc:2    | Bought a potion of berserk rage for 65 gold pieces
 20829 | Orc:2    | Bought a potion of curing for 39 gold pieces
 20829 | Orc:2    | Bought a potion of might for 52 gold pieces
 20831 | Orc:2    | Bought a smoky sapphire potion for 18 gold pieces
 20831 | Orc:2    | Bought a potion of heal wounds for 105 gold pieces
 20831 | Orc:2    | Bought a scroll of identify for 42 gold pieces
 20833 | Orc:2    | Acquired 490 gold pieces
 21965 | D:12     | Reached XP level 17. HP: 120/143 MP: 16/16
 22091 | D:13     | Found a runed translucent door.
 22101 | D:13     | Noticed Gukiomem's ghost (journeyman DrCj)
 22419 | D:13     | Found a gate to the Vaults.
 22889 | D:13     | Killed Gukiomem's ghost
 23063 | D:14     | Found a runed translucent gate.
 23063 | D:14     | Found a runed translucent gate.
 23063 | D:14     | Found a runed translucent gate.
 23063 | D:14     | Noticed Omovoi's ghost (journeyman MiBe)
 23521 | D:13     | HP: 5/144 [Omovoi's ghost (31)]
 23521 | D:13     | HP: 2/144 [Omovoi's ghost (3)]
 23526 | D:13     | Killed Omovoi's ghost
 23526 | D:13     | Reached skill level 10 in Dodging
 24093 | D:15     | Entered Level 15 of the Dungeon
 24372 | D:15     | Reached skill level 24 in Unarmed Combat
 24941 | D:15     | Reached skill level 10 in Armour
 25176 | D:15     | Found a staircase to the Depths.
 25579 | Swamp:1  | Entered Level 1 of the Swamp
 26247 | Swamp:2  | Reached XP level 18. HP: 155/155 MP: 17/17
 26993 | Swamp:3  | Found a runed translucent door.
 26993 | Swamp:3  | Found a shimmering altar of Xom.
 26993 | Swamp:3  | Noticed Uffyhuy's ghost (journeyman GrBe)
 27076 | Swamp:3  | Found an ornate altar of the Wu Jian Council.
 27844 | Swamp:3  | Killed Uffyhuy's ghost
 27864 | Swamp:4  | Entered Level 4 of the Swamp
 27977 | Swamp:4  | Noticed the 27-headed Lernaean hydra
 27987 | Swamp:4  | Killed the 27-headed Lernaean hydra
 28516 | Swamp:4  | Got a decaying rune of Zot
 28667 | Snake:1  | Entered Level 1 of the Snake Pit
 29578 | Snake:2  | Identified Roxanne's Incunabulum of Clay
 29578 | Snake:2  | Noticed Roxanne
 29601 | Snake:2  | Killed Roxanne
 29959 | Snake:2  | Noticed Nikola
 29981 | Snake:2  | Killed Nikola
 29981 | Snake:2  | Reached XP level 19. HP: 131/167 MP: 18/18
 29983 | Snake:2  | Noticed Aizul
 30011 | Snake:2  | Killed Aizul
 30182 | Snake:2  | Noticed Azrael
 30195 | Snake:2  | Killed Azrael
 30737 | Snake:3  | Noticed Saint Roka
 31038 | Snake:2  | Killed Saint Roka
 31086 | Snake:3  | Reached skill level 25 in Unarmed Combat
 31282 | Snake:3  | Got a vibrating wooden ring
 31283 | Snake:3  | Identified the ring of Zearunui {Fire rElec} (You found it
                  | on level 3 of the Snake Pit)
 31496 | Snake:4  | Entered Level 4 of the Snake Pit
 31948 | Snake:4  | Found a glowing golden altar of the Shining One.
 32293 | Snake:4  | Reached skill level 15 in Fighting
 32902 | Snake:4  | Reached XP level 20. HP: 178/178 MP: 19/19
 33303 | Orc:2    | Bought the +27 Lear's hauberk for 3903 gold pieces
 33303 | Orc:2    | Found the +27 Lear's hauberk
 33658 | Snake:4  | Got a serpentine rune of Zot
 33928 | Elf:1    | Entered Level 1 of the Elven Halls
 34953 | Elf:1    | Acquired 2500 gold pieces
 35063 | Elf:2    | Noticed a Tzitzimitl
 35125 | Elf:2    | Got a twitching pewter ring
 35126 | Elf:2    | Identified the ring "Etuhoe" {rPois Int+2} (You found it on
                  | level 2 of the Elven Halls)
 35223 | Elf:2    | Acquired 1080 gold pieces
 35293 | Elf:2    | Found a huge runed translucent gate.
 35296 | Elf:2    | Found a huge runed translucent gate.
 35296 | Elf:2    | Found a huge runed translucent gate.
 35297 | Elf:2    | Found a huge runed translucent gate.
 35298 | Elf:2    | Found a huge runed translucent gate.
 35436 | Elf:2    | Found the amulet of the Air {Inacc +Fly rElec EV+5 RMsl}
 36300 | Vaults:1 | Entered Level 1 of the Vaults
 36530 | Vaults:1 | Reached XP level 21. HP: 189/189 MP: 20/20
 36668 | Vaults:1 | Reached skill level 26 in Unarmed Combat
 37488 | Vaults:2 | Acquired 360 gold pieces
 37551 | Vaults:2 | Noticed Margery
 37578 | Vaults:2 | Killed Margery
 37654 | Vaults:2 | Noticed a bone dragon
 37655 | Vaults:2 | Found a staircase to the Crypt.
 37665 | Vaults:2 | Killed a bone dragon
 37716 | Vaults:2 | Found Caotwam's Antique Weapon Emporium.
 37730 | Vaults:2 | Found a runed translucent gate.
 37730 | Vaults:2 | Found an ancient bone altar of Kikubaaqudgha.
 37730 | Vaults:2 | Found a runed translucent gate.
 37730 | Vaults:2 | Found a runed translucent gate.
 37730 | Vaults:2 | Noticed an ancient lich
 37730 | Vaults:2 | Noticed an ancient lich
 37730 | Vaults:2 | Noticed Tailuq's ghost (adept DEVM)
 37892 | Vaults:2 | Killed an ancient lich
 37893 | Vaults:2 | Paralysed by an ancient lich for 7 turns
 37901 | Vaults:2 | HP: 4/191 [freezing wraith (11)]
 37901 | Vaults:2 | Mangled by a freezing wraith

Illustrated notes

Levels and vault maps discovered:
D:1:      dpeg_arrival_fog, layout_basic
D:2:      layout_basic, chequers_ecumenical_altar_simple_redux
D:3:      layout_rooms, gup_sewer_entry_pipe, minmay_misc_feat_chi, trog_book,
          uniq_grinder, uniq_robin
D:4:      layout_basic, minmay_temple_entry_drinking_statues, uniq_natasha
D:5:      layout_rooms, basic_altar, minmay_between
D:6:      kennysheep_big_flooded_room, layout_loops_cross,
          gammafunk_ghost_necromancy, grunt_decor_mini_mirrors,
          minmay_curled_crystal
D:7:      minmay_the_grid_octo_triangle [minmay_the_grid_octo_checkerflower,
          minmay_the_grid_octo_prize_big_c, minmay_the_grid_octo_fat_diamond],
          layout_basic, enter_bailey_3, uniq_harold, uniq_pikel, uniq_menkaure
D:8:      layout_cave_pods, serial_shops, kennysheep_little_box, shop, shop,
          shop
D:9:      layout_loops_ring, lemuel_crystal_altar, orc_0_dummy, serial_shops,
          nicolae_shop_waterfront, shop, kennysheep_mini, shop
D:10:     layout_loops_cross, erik_lair_orcish_takeover, roderic_roman_lattice,
          uniq_maurice
D:11:     layout_roguey
D:12:     layout_long_grid, hangedman_abyss_or_decor_passed,
          minmay_alternating_orb
D:13:     layout_grid_maze, erik_vaults_1, ebering_ghost_inner_flame
D:14:     layout_big_octagon, gammafunk_ghost_spectres
D:15:     grunt_enter_depths_magical_seal, layout_irregular_city,
          nrook_pool_corridor
Temple:   compressed_dpeg_triangle_lava_temple
Lair:1:   layout_cave_pods, columned_hall_lemuel, infiniplex_staircase_pool_2,
          minmay_lair_oklob_chamber, grunt_megastairs_5, serial_bayou_shore_b,
          lemuel_fruit_tree
Lair:2:   layout_regular_city, minmay_swamp_entry_wisps,
          guppyfry_snake_entry_island, serial_bayou, serial_bayou_lake_a,
          serial_bayou_lagoon_b, serial_bayou_pond_b, serial_bayou_shore_b,
          serial_bayou_crossing, serial_bayou_shore_b
Lair:3:   layout_chaotic_city, minivault_27, uniq_gastronok
Lair:4:   layout_long_grid, gauntlet_entry_generic, grunt_megastairs_1,
          uniq_kirke, uniq_josephine
Lair:5:   layout_big_grid, slime_altar_2, portal_ice_cave_entry_pillars_1
Lair:6:   evilmike_catoblepas_cave, layout_cave_pods,
          nicolae_volcano_entry_lava_flow
Swamp:1:  layout_falls_marsh, hangedman_swamp_cone
Swamp:2:  layout_falls_marsh, evilmike_swamp_ruin_rubble_2, swamp_pool2
Swamp:3:  layout_basic_swamp, ebering_ghost_xom, basic_altar, grunt_hermit_hut
Swamp:4:  grunt_swamp_rune_castle, layout_basic_swamp, swamp_pool1
Snake:1:  layout_onion_interference
Snake:2:  layout_chambers, uniq_aizul, uniq_azrael, uniq_roxanne, uniq_nikola
Snake:3:  layout_rooms, serial_bayou_shore_a, uniq_saint_roka
Snake:4:  grunt_snake_rune_serpentine_throne, layout_cave_town, basic_altar
Orc:1:    layout_caves, uniq_nergalle
Orc:2:    grunt_orc_tribal_feast, layout_diamond_mine, basic_altar
Elf:1:    elf_arrival_001, layout_loops_corners, minmay_elf_crystal_hexagon
Elf:2:    layout_geoelf_octagon, minmay_misc_feat_ornament, st_stairs_6,
          billiards_dpeg
Vaults:1: v_misc_5, v_misc_33, grunt_vaults_trifunnel,
          nicolae_vaults_ninety_degrees, v_misc_29,
          nicolae_vaults_ring_of_whatevers, layout_vaults_omnigrid
Vaults:2: gammafunk_vaults_ghost_crypt, nicolae_vaults_network_quincunx
          [nicolae_vaults_network_quincunx_subvault,
          nicolae_vaults_network_quincunx_subvault,
          nicolae_vaults_network_quincunx_subvault,
          nicolae_vaults_network_quincunx_subvault,
          nicolae_vaults_network_quincunx_subvault], v_alt_pattern_5,
          nicolae_vaults_specimen_jars, v_misc_9, hangedman_vaults_variations,
          vaults_room_stairs_pillars, minmay_crypt_entry_nasty_monster,
          nicolae_vaults_little_squares_2, nicolae_vaults_shelves_hall,
          vaults_dpeg_doors, serial_ice_h, hangedman_vaults_stitches,
          nicolae_vaults_border_crossing, vaults_dpeg_ring, layout_vaults_maze,
          serial_shops, shop, uniq_margery

Skill      XL: |  1  2  3  4  5  6  7  8  9 10 11 12 13 14 15 16 17 18 19 20 21 |
---------------+----------------------------------------------------------------+-----
Unarmed Combat | 4 5 6 7 9 10 12 14 16 20 21 22 23 24 25 26 | 26.3
Dodging        | 5 6 8 9 10 12 13 14 | 14.7
Armour         | 4 5 7 9 10 11 13 14 | 14.4
Fighting       | 6 7 9 10 12 14 15 16 17 | 17.0
Throwing       | |  1.7

Action                   |  1- 3 |  4- 6 |  7- 9 | 10-12 | 13-15 | 16-18 | 19-21 || total
-------------------------+-------+-------+-------+-------+-------+-------+-------++-------
Melee: Unarmed           |   118 |   247 |   292 |   556 |   877 |  2023 |  1290 ||  5403
       Punch             |     2 |     8 |     8 |    36 |    87 |   242 |   133 ||   516
Throw: Javelin           |       |     1 |     1 |       |       |       |       ||     2
       Throwing net      |       |       |     3 |     3 |       |       |       ||     6
       Dart              |       |       |     5 |       |       |       |       ||     5
       Boomerang         |       |       |       |    16 |       |       |       ||    16
Evoke: Wand              |       |     3 |       |       |    12 |     2 |     1 ||    18
  Use: Scroll            |       |    10 |     7 |    15 |    12 |     8 |     9 ||    61
       Potion            |       |       |     2 |     3 |     5 |     3 |     1 ||    14
 Stab: Held in net/web   |       |       |     2 |     3 |       |       |       ||     5
       Invisible         |       |       |       |     3 |       |       |       ||     3
       Petrified         |       |       |       |       |     2 |       |       ||     2
       Petrifying        |       |       |       |       |     1 |       |       ||     1
Armor: Leather armour    |    12 |       |       |       |       |       |       ||    12
       Scale mail        |    29 |   111 |   129 |   272 |   401 |   894 |   214 ||  2050
       Chain mail        |       |       |       |       |       |       |   245 ||   245
Dodge: Dodged            |    57 |   181 |   157 |   216 |   422 |  1060 |   766 ||  2859
       Repelled          |       |       |       |       |       |       |     1 ||     1
Block: Other             |       |       |       |       |     1 |   374 |   199 ||   574
       Reflection        |       |       |       |       |       |    20 |    21 ||    41

Table legend: (Time is in decaauts)
 A = Elapsed time spent in this place.
 B = Non-inter-level travel time spent in this place.
 C = Inter-level travel time spent in this place.
 D = Time resting spent in this place.
 E = Time spent auto-exploring this place.
 F = Levels seen in this place.
 G = Mean time per level.
                   A        B        C        D        E       F      G
               +--------+--------+--------+--------+--------+-----+--------+
         Total |  36244 |  32939 |   3305 |   4259 |  20418 |  41 |  884.0 |
       Dungeon |  14326 |  12804 |   1522 |   1912 |   7679 |  15 |  955.1 |
        Temple |    419 |    419 |      0 |      0 |    405 |   1 |  419.0 |
          Lair |   5793 |   5058 |    735 |    315 |   3556 |   6 |  965.5 |
         Swamp |   3064 |   2894 |    170 |    134 |   2068 |   4 |  766.0 |
     Snake Pit |   4373 |   4042 |    331 |    835 |   2256 |   4 | 1093.2 |
  Orcish Mines |   2512 |   2075 |    437 |    737 |    867 |   2 | 1256.0 |
   Elven Halls |   2012 |   1904 |    108 |    196 |   1196 |   2 | 1006.0 |
        Vaults |   1473 |   1473 |      0 |      3 |   1222 |   2 |  736.5 |
         Sewer |    531 |    531 |      0 |      0 |    383 |   1 |  531.0 |
        Bailey |    426 |    426 |      0 |     11 |     63 |   1 |  426.0 |
      Ice Cave |    640 |    640 |      0 |      0 |    369 |   1 |  640.0 |
       Volcano |    214 |    214 |      0 |      4 |    162 |   1 |  214.0 |
      Gauntlet |    454 |    454 |      0 |    110 |    190 |   1 |  454.0 |
               +--------+--------+--------+--------+--------+-----+--------+

Top non-repeatable levels by time:
    D:13: 1656 daAuts
 Snake:2: 1652 daAuts
   Orc:2: 1608 daAuts
 Snake:4: 1549 daAuts
    D:12: 1305 daAuts
  Lair:1: 1249 daAuts
     D:1: 1232 daAuts
     D:6: 1191 daAuts
Vaults:1: 1121 daAuts
  Lair:6: 1094 daAuts
    D:10: 1081 daAuts
     D:7: 1075 daAuts
   Elf:2: 1044 daAuts
  Lair:2: 1019 daAuts
     D:4: 1009 daAuts
